 Dungeon Crawl Stone Soup version 0.26-a0-667-g92642533e4 (webtiles) character file.

Game seed: 230135425225710051

2020 lunkers the Chopper (level 9, -1/63 HPs)
             Began as an Octopode Fighter on Oct 16, 2020.
             Was a Believer of the Shining One.
             Slain by a killer bee (10 damage)
             ... on level 7 of the Dungeon.
             The game lasted 00:11:33 (8075 turns).

lunkers the Chopper (Octopode Fighter)              Turns: 8075, Time: 00:11:34

Health: -1/63      AC:  1    Str: 11    XL:     9   Next: 23%
Magic:  7/9        EV: 12    Int: 13    God:    the Shining One [**....]
Gold:   308        SH: 15    Dex: 10    Spells: 8/8 levels left

rFire    . . .     SeeInvis .   a - +6 mace "Omaroar" {vorpal, +Blink rN++ Str-4 Dex-2}
rCold    . . .     Faith    .   b - +0 kite shield
rNeg     + + +     Spirit   .   (helmet restricted)
rPois    .         Reflect  .   (no amulet)
rElec    .         Harm     .   m - ring of wizardry
rCorr    .         Rampage  .   o - ring of flight
MR       .....                  (no ring)
Stlth    +.........             (no ring)
HPRegen  0.20/turn              (no ring)
MPRegen  0.11/turn              (no ring)
                                (no ring)
                                (no ring)

@: lethally poisoned (-1 -> -18), divine shield, glowing
A: almost no armour, stealthy swim, amphibious, 8 rings, constrict 8, camouflage
1, gelatinous body 1
a: Divine Shield, Renounce Religion, Evoke Blink, Evoke Flight


You were on level 7 of the Dungeon.
You worshipped the Shining One.
The Shining One was pleased with you.
You visited 1 branch of the dungeon, and saw 7 of its levels.

You collected 308 gold pieces.

Inventory:

Hand Weapons
 a - the +6 mace "Omaroar" (weapon) {vorpal, +Blink rN++ Str-4 Dex-2}
   (You found it on level 6 of the Dungeon)

   It inflicts extra damage upon your enemies.
   It affects your strength (-4).
   It affects your dexterity (-2).
   It greatly protects you from negative energy.
   It lets you blink.
 E - a +0 war axe
Missiles
 e - 43 poisoned darts (quivered)
Armour
 b - a +0 kite shield (worn)
Jewellery
 m - a ring of wizardry (left tentacle)
 o - a ring of flight (right tentacle)
 w - an uncursed ring of ice
 x - an uncursed ring of ice
Wands
 h - a wand of disintegration (15)
 j - a wand of acid (11)
 D - a wand of flame (12)
Scrolls
 d - 6 scrolls of remove curse
 f - 4 scrolls of teleportation {unknown}
 i - a scroll of enchant weapon {unknown}
 k - a scroll of fog {unknown}
 l - a scroll of amnesia {unknown}
 p - a scroll of enchant armour {unknown}
 r - a scroll of magic mapping {unknown}
 s - a scroll of fear {unknown}
 v - a scroll of random uselessness {unknown}
 y - 2 scrolls of blinking {unknown}
 z - a scroll of noise {unknown}
 F - a scroll of immolation {unknown}
Potions
 c - 2 potions of might
 g - 2 potions of magic
 n - 3 potions of curing
 q - a potion of resistance
 t - 2 potions of cancellation
 u - a potion of heal wounds
 A - a potion of flight {unknown}
 C - a potion of brilliance {unknown}


   Skills:
 + Level 6.3 Fighting
 - Level 6.7(7.3) Axes
 * Level 4.3(6.1) Maces & Flails
 - Level 3.0 Dodging
 + Level 6.3 Shields
 - Level 4.0 Evocations


You had 8 spell levels left.
You didn't know any spells.
Your spell library was empty.

Dungeon Overview and Level Annotations

Branches:
Dungeon (7/15)             Temple (0/1) D:4

Altars:
Ashenzari
Cheibriados
Okawaru
Uskayaw
Xom
Zin
The Shining One

Shops:
D:4 (   D:6 !


Innate Abilities, Weirdness & Mutations

You cannot wear most types of armour.
You are very stealthy in the water. (Stealth+)
You are amphibious.
You can wear up to eight rings at the same time.
You can use your tentacles to constrict eight enemies at once.
Your skin changes colour to match your surroundings (Stealth+).
Your rubbery body absorbs attacks. (AC +1, EV +1)


Message History

The killer bee misses you. You block the killer bee's attack.
You hit the killer bee.
You kill the killer bee!
You feel sick. You block the killer bee's attack. x2
The killer bee stings you!
* * * LOW HITPOINT WARNING * * *
You are more poisoned.
The killer bee poisons you! The killer bee stings you!
* * * LOW HITPOINT WARNING * * *
You are lethally poisoned!
The killer bee poisons you!
You hit the killer bee. You grab the killer bee.
The killer bee is heavily wounded.
You constrict the killer bee.
* * * LOW HITPOINT WARNING * * *
You feel sick. You block the killer bee's attack. x2
The killer bee misses you. The killer bee stings you.
* * * LOW HITPOINT WARNING * * *
The killer bee stings you!
You die...

#...#.......#......#....#.
#...#.......#......#....#.
#...#.......#......#....#.
#...#.......#...####....#.
#...#.....###...####....#.
#...#.....#.....#.......#.
#...#...†.#....†#.......#.
#...#.....#.....'.......#.
#...#...y@#.....#.......#.
#####...yy########'####'#.
......... ...........
........... ...........
.........................
.........................
.........................
........................
...........


You could see 3 killer bees.

Vanquished Creatures
  Prince Ribbit (D:6)
  An orc warrior (D:7)
  A sky beast (D:6)
  3 centaurs (D:7)
  2 ogres
  A bullfrog (D:7)
  Blork the orc (D:6)
  A wyvern skeleton (D:7)
  A scorpion (D:6)
  3 killer bees (D:7)
  4 hounds
  An orc priest (D:7)
  A bullfrog skeleton (D:6)
  2 centaur skeletons
  3 iguanas
  Crazy Yiuf (D:6)
  Jessica (D:2)
  3 orc wizards
  8 worker ants
  2 hound skeletons
  10 adders
  A white imp (D:5)
  An adder zombie (D:4)
  2 adder skeletons
  2 dart slugs (D:1)
  A leopard gecko (D:1)
  16 orcs
  10 bats
  6 giant cockroaches
  7 goblins
  5 hobgoblins
  6 jackals
  3 quokkas
  4 ball pythons
  7 kobolds
  A quokka skeleton (D:4)
  A quokka zombie (D:5)
  9 rats
133 creatures vanquished.

Notes
Turn   | Place    | Note
-------+----------+-------------------------------------------
     0 | D:1      | lunkers the Octopode Fighter began the quest for the Orb.
     0 | D:1      | Reached XP level 1. HP: 16/16 MP: 1/1
    61 | D:1      | Reached XP level 2. HP: 16/21 MP: 2/2
   380 | D:1      | Reached XP level 3. HP: 26/26 MP: 3/3
   623 | D:1      | Found a glowing golden altar of the Shining One.
   666 | D:1      | Became a worshipper of the Shining One
  1209 | D:2      | Noticed Jessica
  1220 | D:2      | Killed Jessica
  1220 | D:2      | Reached XP level 4. HP: 9/31 MP: 4/4
  1583 | D:2      | Found an iron altar of Okawaru.
  1926 | D:3      | Reached XP level 5. HP: 30/37 MP: 5/5
  2451 | D:3      | Found a shimmering altar of Xom.
  2939 | D:4      | Reached * piety under the Shining One
  3211 | D:4      | Reached XP level 6. HP: 37/43 MP: 6/6
  3393 | D:4      | Reached skill level 1 in Evocations
  3620 | D:4      | Found Xuzixuc's Antique Weapon Shop.
  3906 | D:4      | Reached skill level 5 in Axes
  4122 | D:4      | Reached XP level 7. HP: 49/49 MP: 7/7
  4282 | D:4      | Found a staircase to the Ecumenical Temple.
  4814 | D:5      | Entered Level 5 of the Dungeon
  5265 | D:5      | Found a broken altar of Ashenzari.
  5266 | D:5      | Found a glowing silver altar of Zin.
  5573 | D:6      | Noticed Prince Ribbit
  5573 | D:6      | Noticed Blork the orc
  5587 | D:6      | Killed Prince Ribbit
  5587 | D:6      | Reached skill level 5 in Fighting
  5587 | D:6      | Reached XP level 8. HP: 55/55 MP: 8/8
  5721 | D:6      | Reached skill level 5 in Shields
  5793 | D:6      | Noticed a +0 hand axe
  5794 | D:6      | Noticed a +0 dagger
  5797 | D:6      | Found a hide-covered altar of Uskayaw.
  5804 | D:6      | Reached ** piety under the Shining One
  5835 | D:6      | Found a snail-covered altar of Cheibriados.
  5944 | D:6      | Found Zegukk's Distillery.
  6052 | D:6      | Found a broken altar of Ashenzari.
  6133 | D:6      | Found a runed translucent door.
  6134 | D:6      | Noticed Crazy Yiuf
  6174 | D:6      | Identified the +8 quarterstaff "Tahostax" {freeze, Dex+5}
  6183 | D:6      | Killed Blork the orc
  6714 | D:6      | Killed Crazy Yiuf
  6721 | D:6      | Got an ancient mace
  6722 | D:6      | Identified the +6 mace "Omaroar" {vorpal, +Blink rN++ Str-4
                  | Dex-2} (You found it on level 6 of the Dungeon)
  7046 | D:7      | Reached skill level 1 in Maces & Flails
  7642 | D:7      | Reached XP level 9. HP: 34/62 MP: 5/9
  8075 | D:7      | Slain by a killer bee

Illustrated notes

Levels and vault maps discovered:
D:1:      psy_arrival_fountain, layout_basic, tso_metal_star
D:2:      layout_basic, old_standard_altar, minmay_misc_feat_secret_circle,
          hex_intersection, uniq_jessica
D:3:      layout_loops_corners, xom_teletrap_fun
D:4:      layout_layer_cave, minmay_temple_entry_hall, serial_shops,
          nicolae_shop_trees, minmay_misc_feat_enclosed
D:5:      layout_rooms, gammafunk_temple_overflow_statue, st_stairs_3
D:6:      layout_basic, dancing_weapons_uskayaw, kennysheep_mini, serial_shops,
          shop, cheibrodos_ashenzari_chains, uniq_blork_the_orc,
          uniq_prince_ribbit1, uniq_crazy_yiuf_cottage
D:7:      layout_gridville, bloody_makhleb

Skill      XL: |  1  2  3  4  5  6  7  8  9 |
---------------+----------------------------+-----
Axes           | 3 4 5 6 |  6.7
Fighting       | 4 5 6 |  6.3
Shields        | 4 6 |  6.3
Evocations     | 1 3 4 |  4.0
Maces & Flails | 3 4 |  4.3
Dodging        | |  3.0

Action                   |  1- 3 |  4- 6 |  7- 9 || total
-------------------------+-------+-------+-------++-------
Melee: War axe           |    44 |    85 |    77 ||   206
       Constrict         |    15 |    19 |    32 ||    66
       Tentacles         |     5 |    14 |    24 ||    43
       Mace              |       |       |    52 ||    52
Throw: Dart              |    54 |    40 |    17 ||   111
Invok: Divine Shield     |       |       |     2 ||     2
Evoke: Wand              |       |       |     1 ||     1
  Use: Scroll            |       |     2 |     7 ||     9
Armor: Skin              |       |     6 |     3 ||     9
Dodge: Dodged            |    19 |    40 |    82 ||   141
Block: Kite shield       |    11 |    51 |    86 ||   148

Table legend: (Time is in decaauts)
 A = Elapsed time spent in this place.
 B = Non-inter-level travel time spent in this place.
 C = Inter-level travel time spent in this place.
 D = Time resting spent in this place.
 E = Time spent auto-exploring this place.
 F = Levels seen in this place.
 G = Mean time per level.
                   A        B        C        D        E       F      G
               +--------+--------+--------+--------+--------+-----+--------+
         Total |   8162 |   8013 |    149 |    206 |   6815 |   7 | 1166.0 |
       Dungeon |   8162 |   8013 |    149 |    206 |   6815 |   7 | 1166.0 |
               +--------+--------+--------+--------+--------+-----+--------+

Top non-repeatable levels by time:
     D:4: 2100 daAuts
     D:7: 1314 daAuts
     D:6: 1308 daAuts
     D:3: 1009 daAuts
     D:1: 915 daAuts
     D:2: 848 daAuts
     D:5: 665 daAuts
